 Dungeon Crawl Stone Soup version 0.30-a0-760-g5a9884bb7c (webtiles) character file.

Game seed: 4114695686538430974

44 voltaire321 the Ducker (level 3, -7/28 HPs)
             Began as a Merfolk Gladiator on Feb 10, 2023.
             Mangled by Sigmund
             ... wielding a +0 scythe of holy wrath
              (9 damage)
             ... on level 2 of the Dungeon.
             The game lasted 00:02:47 (1403 turns).

voltaire321 the Ducker (Merfolk Gladiator)          Turns: 1403, Time: 00:02:47

Health: -7/28      AC:  4    Str: 14    XL:     3   Next: 60%
Magic:  3/3        EV: 13    Int:  7    God:
Gold:   110        SH:  5    Dex: 17    Spells: 2/2 levels left

rFire   . . .      SeeInvis .    a - +0 long sword
rCold   . . .      Faith    .    (no shield)
rNeg    . . .      Spirit   .    b - +0 leather armour
rPois   .          Reflect  +    c - +0 helmet
rElec   .          Harm     .    (no cloak)
rCorr   .          Rampage  .    (no gloves)
Will    .....                    (no boots)
Stlth   +                        p - amulet of reflection
HPRegen 0.24/turn                (no ring)
MPRegen 0.08/turn                (no ring)

@: no status effects
A: (nimble swimmer 2), mertail
a: no special abilities


You were on level 2 of the Dungeon.
You visited 1 branch of the dungeon, and saw 2 of its levels.

You collected 110 gold pieces.

Inventory:

Hand Weapons
 a - a +0 long sword (weapon)
Missiles
 d - 3 throwing nets (quivered)
 e - a javelin
 j - 6 boomerangs
Armour
 b - a +0 leather armour (worn)
 c - a +0 helmet (worn)
Jewellery
 p - an amulet of reflection (around neck)
Scrolls
 f - a scroll of teleportation {unknown}
 h - a scroll of noise {unknown}
 i - 3 scrolls of identify {unknown}
 k - a scroll of immolation {unknown}
 l - a scroll of torment {unknown}
 m - a scroll of magic mapping {unknown}
 o - a scroll of enchant armour {unknown}
Potions
 g - a potion of flight {unknown}
 n - a potion of berserk rage {unknown}


   Skills:
 + Level 2.8 Fighting
 + Level 4.1 Long Blades
 + Level 2.2 Throwing
 + Level 0.8 Armour
 + Level 4.4 Dodging


You had 2 spell levels left.
You didn't know any spells.
Your spell library was empty.

Dungeon Overview and Level Annotations

Branches:
Dungeon (2/15)

Altars:

Annotations:
D:2 Sigmund


Innate Abilities, Weirdness & Mutations

((You are very nimble when in or above water. (Stealth+, EV+, Speed+++)))
Your lower body shifts to a powerful aquatic tail in water.


Message History

Found a stone staircase leading down.
Sigmund the Dreaded comes into view.
He is wielding a +0 scythe of holy wrath.
Sigmund shouts!
Sigmund closely misses you.
You closely miss Sigmund. Sigmund asks, "Do you like me?"
Sigmund casts a spell at you.
You are confused.
You slash Sigmund!
Sigmund is moderately wounded.
Sigmund points at you and mumbles some strange words.
You resist with significant effort.
You bump into the rock wall.
Sigmund points at you and mumbles some strange words.
The puff of flame misses you.
You barely miss Sigmund.
Sigmund is moderately wounded.
Sigmund misses you.
You barely miss Sigmund.
Sigmund is moderately wounded.
Sigmund mumbles some strange words.
Sigmund flickers and vanishes!
Deactivating autopickup; reactivate with Ctrl-A.
You completely miss something. Something hits you but does no damage.
You bump into the rock wall.
You hear some strange, mumbled words.
You are more confused.
You bump into the rock wall.
Something hits you but does no damage.
You hear some strange, mumbled words.
A magic dart appears from out of thin air!
The magic dart hits you.
You bump into the rock wall.
Something hits you.
You bump into the rock wall.
Something hits you!
You barely miss something.
You feel less confused.
You miss something. Something hits you.
You miss something. Something hits you!
* * * LOW HITPOINT WARNING * * *
You hit something but do no damage. Something hits you!
You die...

+.......###.#
#.........#.#
#.##....#.#.# #.
#..###.#.# # #..#
#.#.# #+
#.##..###.#.# #.
#...........#
#.#########.#######
##..@{....##.#
##...#####>##.#
###.....####.##.#
..............##>#
######..#####.##.#
#...........#
##.......####
#.#####.# #.. ..#


There were no monsters in sight!

Vanquished Creatures
  A dart slug (D:1)
  A worm (D:2)
  4 endoplasms
  3 goblins
  5 hobgoblins
  4 jackals (D:1)
  A kobold (D:1)
  2 quokkas (D:1)
  5 ball pythons (D:1)
  4 bats
  A frilled lizard (D:2)
  4 rats (D:1)
35 creatures vanquished.

Notes
Turn   | Place    | Note
-------+----------+-------------------------------------------
     0 | D:1      | voltaire321 the Merfolk Gladiator began the quest for the
                  | Orb.
     0 | D:1      | Reached XP level 1. HP: 16/16 MP: 1/1
   114 | D:1      | Reached XP level 2. HP: 22/23 MP: 2/2
   778 | D:1      | Reached XP level 3. HP: 28/28 MP: 3/3
  1386 | D:2      | Noticed Sigmund
  1403 | D:2      | Mangled by Sigmund

Illustrated notes

Levels and vault maps discovered:
D:1:      dpeg_arrival_rooms_with_view, layout_basic
D:2:      cheibrodos_helix_gallery, layout_loops_corners, uniq_sigmund

Skill      XL: |  1  2 |
---------------+-------+-----
Long Blades    | 4 |  4.1
Fighting       | |  2.8
Throwing       | |  2.2
Armour         | |  0.8
Dodging        | |  4.4

Action                     || total
---------------------------++-------
  Melee: Long sword        ||   109
         Punch             ||     1
   Stab: Sleeping          ||     3
 Armour: Leather armour    ||    21
  Dodge: Dodged            ||    69
  Block: Other             ||     1

Table legend: (Time is in decaauts)
 A = Elapsed time spent in this place.
 B = Non-inter-level travel time spent in this place.
 C = Inter-level travel time spent in this place.
 D = Time resting spent in this place.
 E = Time spent auto-exploring this place.
 F = Levels seen in this place.
 G = Mean time per level.
                   A        B        C        D        E       F      G
               +--------+--------+--------+--------+--------+-----+--------+
         Total |   1422 |   1380 |     42 |      0 |   1063 |   2 |  711.0 |
       Dungeon |   1422 |   1380 |     42 |      0 |   1063 |   2 |  711.0 |
               +--------+--------+--------+--------+--------+-----+--------+

Top non-repeatable levels by time:
     D:1: 1112 daAuts
     D:2: 310 daAuts
